SAAA
BAGLEY LOONS @ SAINT-JÉRÔME AMISH
08/23/2018
 
TOP OF THE 1ST
Bagley Loons batting - Pitching for Saint-Jérôme Amish : RHP Christian Patrick
Pitching: RHP Christian Patrick
Batting: RHB Adam Hennessey 0-0: Called Strike
0-1: DOUBLE (Groundball, 5D)
Batting: LHB Ralph Dunford 0-0: SINGLE (Line Drive, 89S)
Adam Hennessey to third
Batting: LHB Rafael García 0-0: Ball
1-0: Foul Ball, location: 2F
1-1: Swinging Strike
1-2: Ball
2-2: Foul Ball, location: 2F
2-2: Strikes out swinging
Batting: SHB Noah McCarthy 0-0: Ball
1-0: Foul Ball, location: 2F
1-1: Grounds into double play, 4-6-3 (Groundball, 4)
Top of the 1st over - 0 run(s), 2 hit(s), 0 error(s), 1 left on base; Bagley 0 - Saint-Jérôme 0
BOTTOM OF THE 1ST
Saint-Jérôme Amish batting - Pitching for Bagley Loons : RHP Dave Townend
Pitching: RHP Dave Townend
Batting: RHB Tanyu Kimura 0-0: Ground out 5-3 (Groundball, 56)
Batting: RHB Henry Jones 0-0: Called Strike
0-1: Ball
1-1: Ball
2-1: Swinging Strike
2-2: Foul Ball, location: 2F
2-2: Strikes out swinging
Batting: LHB Jon MacIntyre 0-0: Ball
1-0: Ball
2-0: Ball
3-0: Base on Balls
Batting: RHB Domingo Navarro 0-0: 2-RUN HOME RUN (Flyball, 7LD), Distance : 338 ft
Batting: LHB Morgan Carney 0-0: Called Strike
0-1: Swinging Strike
0-2: Foul Ball, location: 2F
0-2: SOLO HOME RUN (Line Drive, 89XD), Distance : 380 ft
Batting: RHB António Alvarado 0-0: Ball
1-0: Ground out 1-3 (Groundball, 13S)
Bottom of the 1st over - 3 run(s), 2 hit(s), 0 error(s), 0 left on base; Bagley 0 - Saint-Jérôme 3
TOP OF THE 2ND
Bagley Loons batting - Pitching for Saint-Jérôme Amish : RHP Christian Patrick
Batting: RHB Bill Dennis 0-0: Called Strike
0-1: Ground out 1-3 (Groundball, 13)
Batting: RHB Edward Baker 0-0: Ball
1-0: Called Strike
1-1: Ball
2-1: Fly out, F8 (Flyball, 8RD)
Batting: SHB Roland Meade 0-0: Fly out, F6 (Popup, 6MD)
Top of the 2nd over - 0 run(s), 0 hit(s), 0 error(s), 0 left on base; Bagley 0 - Saint-Jérôme 3
BOTTOM OF THE 2ND
Saint-Jérôme Amish batting - Pitching for Bagley Loons : RHP Dave Townend
Batting: RHB Jonathan Cook 0-0: Called Strike
0-1: Fly out, F2 (Popup, 2RF)
Batting: LHB Markus Richardson 0-0: Called Strike
0-1: Foul Ball, location: 2F
0-2: Strikes out swinging
Batting: RHB Jake Hutchinson 0-0: Foul Ball, location: 2F
0-1: Swinging Strike
0-2: Foul Ball, location: 2F
0-2: Fly out, F3 (Popup, 3L)
Bottom of the 2nd over - 0 run(s), 0 hit(s), 0 error(s), 0 left on base; Bagley 0 - Saint-Jérôme 3
TOP OF THE 3RD
Bagley Loons batting - Pitching for Saint-Jérôme Amish : RHP Christian Patrick
Batting: LHB Bob Davis 0-0: Ball
1-0: Swinging Strike
1-1: Foul Ball, location: 2F
1-2: Fly out, F8 (Flyball, 8RD)
Batting: RHB Bob Curry 0-0: Ball
1-0: Ball
2-0: Foul Ball, location: 2F
2-1: Ball
3-1: Called Strike
3-2: Strikes out swinging
Batting: RHB Adam Hennessey 0-0: Ball
1-0: Ball
2-0: Called Strike
2-1: Ball
3-1: SINGLE (Line Drive, 34D)
Batting: LHB Ralph Dunford 0-0: Foul Ball, location: 2F
0-1: Ball
1-1: Ball
2-1: Ball
3-1: Called Strike
3-2: Fly out, F7 (Flyball, 7M)
Top of the 3rd over - 0 run(s), 1 hit(s), 0 error(s), 1 left on base; Bagley 0 - Saint-Jérôme 3
BOTTOM OF THE 3RD
Saint-Jérôme Amish batting - Pitching for Bagley Loons : RHP Dave Townend
Batting: RHB Tanyu Kimura 0-0: Swinging Strike
0-1: Ground out 6-3 (Groundball, 56)
Batting: RHB Henry Jones 0-0: Ball
1-0: Called Strike
1-1: Foul Ball, location: 2F
1-2: Strikes out swinging
Batting: LHB Jon MacIntyre 0-0: Ball
1-0: Ball
2-0: Ball
3-0: Base on Balls
Batting: RHB Domingo Navarro 0-0: Ball
1-0: Ball
Jon MacIntyre steals 2nd base
2-0: Foul Ball, location: 2F
2-1: SINGLE (Groundball, 56)
Jon MacIntyre to third
Runner from 3rd tries for Home, SAFE, no throw or cutoff
Batting: LHB Morgan Carney 0-0: Ball
1-0: Foul Ball, location: 2F
1-1: Ball
2-1: Foul Ball, location: 2F
2-2: Foul Ball, location: 2F
Pickoff Throw to First - Error! E1
Domingo Navarro to second
2-2: Foul Ball, location: 2F
2-2: Ground out 4-3 (Groundball, 4)
Bottom of the 3rd over - 1 run(s), 1 hit(s), 1 error(s), 1 left on base; Bagley 0 - Saint-Jérôme 4
TOP OF THE 4TH
Bagley Loons batting - Pitching for Saint-Jérôme Amish : RHP Christian Patrick
Batting: LHB Rafael García 0-0: Called Strike
0-1: Ground out 3-1 (Groundball, 34S)
Batting: SHB Noah McCarthy 0-0: Foul Ball, location: 2F
0-1: Ball
1-1: Called Strike
1-2: Hit by Pitch
Batting: RHB Bill Dennis 0-0: Called Strike
0-1: Ball
1-1: SINGLE (Line Drive, 9LS)
Noah McCarthy to second
Batting: RHB Edward Baker 0-0: Ball
1-0: Foul Ball, location: 2F
1-1: Ball
2-1: Grounds into double play, 5-4-3 (Groundball, 5)
Top of the 4th over - 0 run(s), 1 hit(s), 0 error(s), 1 left on base; Bagley 0 - Saint-Jérôme 4
BOTTOM OF THE 4TH
Saint-Jérôme Amish batting - Pitching for Bagley Loons : RHP Dave Townend
Batting: RHB António Alvarado 0-0: Fly out, F9 (Line Drive, 9D)
Batting: RHB Jonathan Cook 0-0: Ball
1-0: Fly out, F7 (Flyball, 7LDF)
Batting: LHB Markus Richardson 0-0: Fly out, F8 (Flyball, 8LM)
Bottom of the 4th over - 0 run(s), 0 hit(s), 0 error(s), 0 left on base; Bagley 0 - Saint-Jérôme 4
TOP OF THE 5TH
Bagley Loons batting - Pitching for Saint-Jérôme Amish : RHP Christian Patrick
Batting: SHB Roland Meade 0-0: Ball
1-0: Ball
2-0: Ball
3-0: Called Strike
3-1: Foul Ball, location: 2F
3-2: Base on Balls
Batting: LHB Bob Davis 0-0: Ball
1-0: Called Strike
1-1: Ball
2-1: Ball
3-1: Called Strike
3-2: Fly out, F1 (Popup, 25)
Batting: RHB Bob Curry 0-0: Fielders Choice at 2nd, 6-4 (Groundball, 6)
Batting: RHB Adam Hennessey 0-0: Called Strike
Bob Curry steals 2nd base
0-1: Swinging Strike
0-2: Strikes out swinging
Top of the 5th over - 0 run(s), 0 hit(s), 0 error(s), 1 left on base; Bagley 0 - Saint-Jérôme 4
BOTTOM OF THE 5TH
Saint-Jérôme Amish batting - Pitching for Bagley Loons : RHP Dave Townend
Batting: RHB Jake Hutchinson 0-0: Ball
1-0: Ball
2-0: Ball
3-0: Called Strike
3-1: Base on Balls
Batting: RHB Tanyu Kimura 0-0: Ball
1-0: Ball
2-0: Fly out, F7 (Flyball, 78M)
Batting: RHB Henry Jones 0-0: Ball
1-0: Fly out, F7 (Line Drive, 78M)
Batting: LHB Jon MacIntyre 0-0: Called Strike
0-1: Called Strike
0-2: Ball
1-2: DOUBLE (Groundball, 5)
Jake Hutchinson to third
Batting: RHB Domingo Navarro 0-0: Ball
1-0: Fly out, F3 (Line Drive, 3)
Bottom of the 5th over - 0 run(s), 1 hit(s), 0 error(s), 2 left on base; Bagley 0 - Saint-Jérôme 4
TOP OF THE 6TH
Bagley Loons batting - Pitching for Saint-Jérôme Amish : RHP Christian Patrick
Batting: LHB Ralph Dunford 0-0: Ball
1-0: Called Strike
1-1: Foul Ball, location: 2F
1-2: Foul Ball, location: 2F
1-2: SOLO HOME RUN (Flyball, 8RXD), Distance : 429 ft
Batting: LHB Rafael García 0-0: SINGLE (Line Drive, 4M)
Batting: SHB Noah McCarthy 0-0: Ball
1-0: Ball
2-0: Called Strike
2-1: SINGLE (Groundball, 4MD)
Rafael García to second
Runner from 2nd tries for 3rd, SAFE, throw made to third
Batting: RHB Bill Dennis 0-0: Called Strike
0-1: Foul Ball, location: 2F
0-2: Strikes out swinging
Batting: RHB Edward Baker 0-0: Called Strike
0-1: Grounds into double play, 4-6-3 (Groundball, 34)
Top of the 6th over - 1 run(s), 3 hit(s), 0 error(s), 1 left on base; Bagley 1 - Saint-Jérôme 4
BOTTOM OF THE 6TH
Saint-Jérôme Amish batting - Pitching for Bagley Loons : RHP Dave Townend
Batting: LHB Morgan Carney 0-0: Ball
1-0: Fly out, F7 (Flyball, 7M)
Batting: RHB António Alvarado 0-0: Called Strike
0-1: Ball
1-1: Swinging Strike
1-2: Ball
2-2: Ground out 5-3 (Groundball, 5S)
Batting: RHB Jonathan Cook 0-0: SINGLE (Line Drive, 8LS)
Batting: LHB Markus Richardson 0-0: Called Strike
0-1: Called Strike
0-2: Ball
1-2: SINGLE (Flyball, 8LS)
Jonathan Cook to second
Batting: RHB Jake Hutchinson 0-0: Swinging Strike
0-1: Ball
1-1: Called Strike
1-2: Ball
2-2: Strikes out swinging
Bottom of the 6th over - 0 run(s), 2 hit(s), 0 error(s), 2 left on base; Bagley 1 - Saint-Jérôme 4
TOP OF THE 7TH
Bagley Loons batting - Pitching for Saint-Jérôme Amish : RHP Christian Patrick
Batting: SHB Roland Meade 0-0: Called Strike
0-1: Foul Ball, location: 2F
0-2: Ball
1-2: Ball
2-2: Strikes out swinging
Batting: LHB Bob Davis 0-0: Called Strike
0-1: Ball
1-1: Swinging Strike
1-2: Ball
2-2: Foul Ball, location: 2F
2-2: Foul Ball, location: 2F
2-2: Strikes out swinging
Batting: RHB Bob Curry 0-0: Called Strike
0-1: Swinging Strike
0-2: Foul Ball, location: 2F
0-2: Ball
1-2: Strikes out swinging
Top of the 7th over - 0 run(s), 0 hit(s), 0 error(s), 0 left on base; Bagley 1 - Saint-Jérôme 4
BOTTOM OF THE 7TH
Saint-Jérôme Amish batting - Pitching for Bagley Loons : RHP Dave Townend
Batting: RHB Tanyu Kimura 0-0: Called Strike
0-1: Ball
1-1: Ball
2-1: Ball
3-1: Called Strike
3-2: Base on Balls
Batting: RHB Henry Jones 0-0: Bunted foul
0-1: Sac Bunt - play at first, batter OUT! 5-4
Tanyu Kimura to second
Batting: LHB Jon MacIntyre 0-0: Called Strike
0-1: Ball
1-1: Swinging Strike
1-2: Ball
2-2: Foul Ball, location: 2F
2-2: Foul Ball, location: 2F
2-2: Ball
3-2: Fly out, F6 (Popup, 56D)
Batting: RHB Domingo Navarro 0-0: Called Strike
0-1: Ground out 5-3 (Groundball, 56)
Bottom of the 7th over - 0 run(s), 0 hit(s), 0 error(s), 1 left on base; Bagley 1 - Saint-Jérôme 4
TOP OF THE 8TH
Bagley Loons batting - Pitching for Saint-Jérôme Amish : RHP Christian Patrick
Pitching: LHP Kevin Henderson
Batting: RHB Adam Hennessey 0-0: Ball
1-0: Called Strike
1-1: Bunt missed!
1-2: Ball
2-2: Foul Ball, location: 2F
2-2: Fly out, F9 (Flyball, 9M)
Batting: LHB Ralph Dunford 0-0: Foul Ball, location: 2F
0-1: Called Strike
0-2: Foul Ball, location: 2F
0-2: Foul Ball, location: 2F
0-2: Strikes out looking
Batting: LHB Rafael García 0-0: Ball
1-0: Ball
2-0: Called Strike
2-1: SINGLE (Line Drive, 9S)
Pitching: RHP Stanley Neal
Batting: SHB Noah McCarthy 0-0: Foul Ball, location: 2F
0-1: Foul Ball, location: 2F
0-2: Ball
1-2: Strikes out swinging
Top of the 8th over - 0 run(s), 1 hit(s), 0 error(s), 1 left on base; Bagley 1 - Saint-Jérôme 4
BOTTOM OF THE 8TH
Saint-Jérôme Amish batting - Pitching for Bagley Loons : RHP Dave Townend
Batting: LHB Morgan Carney 0-0: Fly out, F8 (Flyball, 78M)
Batting: RHB António Alvarado 0-0: Swinging Strike
0-1: Ball
1-1: Ball
2-1: Foul Ball, location: 2F
2-2: Foul Ball, location: 2F
2-2: Foul Ball, location: 2F
2-2: Ball
3-2: Foul Ball, location: 2F
3-2: SOLO HOME RUN (Flyball, 7LD), Distance : 356 ft
Pitching: RHP Rod Bakewell
Batting: RHB Jonathan Cook 0-0: Ground out 6-3 (Groundball, 6MS)
Batting: LHB Markus Richardson 0-0: Ball
1-0: Ball
2-0: Swinging Strike
2-1: Ball
3-1: SINGLE (Groundball, 6MD)
Batting: RHB Jake Hutchinson 0-0: Foul Ball, location: 2F
0-1: Ball
1-1: Ball
2-1: Swinging Strike
2-2: Strikes out swinging
Bottom of the 8th over - 1 run(s), 2 hit(s), 0 error(s), 1 left on base; Bagley 1 - Saint-Jérôme 5
TOP OF THE 9TH
Bagley Loons batting - Pitching for Saint-Jérôme Amish : RHP Stanley Neal
Batting: RHB Bill Dennis 0-0: Called Strike
0-1: Swinging Strike
0-2: Ball
1-2: Ball
2-2: Ball
3-2: Foul Ball, location: 2F
3-2: Foul Ball, location: 2F
3-2: Strikes out swinging
Batting: RHB Edward Baker 0-0: Called Strike
0-1: Ball
1-1: Ground out U3 (Groundball, 3S)
Batting: SHB Roland Meade 0-0: DOUBLE (Flyball, 7M)
Batting: LHB Bob Davis 0-0: Ball
1-0: Ball
2-0: 2-RUN HOME RUN (Flyball, 9D), Distance : 338 ft
Pitching: RHP Juan Ayala
Batting: RHB Bob Curry 0-0: Ball
1-0: Called Strike
1-1: Foul Ball, location: 2F
1-2: Foul Ball, location: 2F
1-2: Ball
2-2: Foul Ball, location: 2F
2-2: Strikes out swinging
Top of the 9th over - 2 run(s), 2 hit(s), 0 error(s), 0 left on base; Bagley 3 - Saint-Jérôme 5
This league is powered by Out of the Park Baseball, the baseball management simulation game for PC, Mac and Linux
Monday, May 4th, 2015 - OOTP Baseball 15.6 Build 34